 Dungeon Crawl Stone Soup version 0.27.1-33-g824d729ab1 (webtiles) character file.

Game seed: 5210856911647610027

157 Destapler the Sneak (level 5, -3/26 HPs)
             Began as a Spriggan Brigand on Dec 27, 2021.
             Killed from afar by a white imp (4 damage)
             ... with a puff of frost
             ... on level 3 of the Dungeon.
             The game lasted 00:07:32 (3035 turns).

Destapler the Sneak (Spriggan Brigand)              Turns: 3035, Time: 00:07:33

Health: -3/26      AC:  3    Str:  7    XL:     5   Next: 15%
Magic:  6/6        EV: 17    Int: 13    God:
Gold:   168        SH:  0    Dex: 17    Spells: 4/4 levels left

rFire    + . .     SeeInvis +   a - +2 dagger
rCold    + . .     Faith    .   (shield restricted)
rNeg     . . .     Spirit   .   b - +0 robe
rPois    +         Reflect  .   (helmet restricted)
rElec    +         Harm     .   c - +0 cloak
rCorr    +         Rampage  .   (gloves unavailable)
Will     .....                  (boots unavailable)
Stlth    +++.......             (no amulet)
HPRegen  0.08/turn              (no ring)
MPRegen  0.10/turn              (no ring)

@: resistant, attractive, very quick
A: very small, no large weapons, unfitting armour, see invisible, speed 3
a: no special abilities


You were on level 3 of the Dungeon.
You visited 1 branch of the dungeon, and saw 3 of its levels.

You collected 168 gold pieces.

Inventory:

Hand Weapons
 a - a +2 dagger (weapon)
Missiles
 d - 7 poisoned darts (quivered)
 j - 2 curare-tipped darts
Armour
 b - a +0 robe (worn)
 c - a +0 cloak (worn)
Scrolls
 e - a scroll of magic mapping {unknown}
 h - a scroll of enchant armour {unknown}
 k - 2 scrolls of identify {unknown}
Potions
 g - a potion of mutation {unknown}
 i - a potion of resistance


   Skills:
 + Level 2.0 Fighting
 + Level 2.7 Short Blades
 + Level 2.6 Throwing
 + Level 0.7 Armour
 + Level 2.6 Dodging
 + Level 6.4 Stealth
 + Level 0.9 Shields
 + Level 1.2 Invocations
 + Level 1.9 Evocations


You had 4 spell levels left.
You didn't know any spells.
Your spell library contained the following spells:

 Spells                   Type           Power      Damage    Failure   Level
 Ozocubu's Armour         Ice            0%         N/A       67%         3
 Metabolic Englaciation   Hex/Ice        0%         N/A       100%        5
 Simulacrum               Ice/Necr       0%         N/A       100%        6


Dungeon Overview and Level Annotations

Branches:
Dungeon (3/15)

Altars:
Uskayaw

Annotations:
D:3 1 runed translucent door, Tali's ghost, weakling DsBe


Innate Abilities, Weirdness & Mutations

You are very small and have problems with some larger weapons.
You are too small for most types of armour.
You have supernaturally acute eyesight. (SInv)
You cover ground extremely quickly. (Speed+++)


Message History

The jackal bites you.
You hit the jackal.
You kill the jackal!
The white imp misses you.
You see here a ball python corpse.
You hit the white imp but do no damage. The white imp gestures at you.
The puff of frost hits you!
Ouch! That really hurt!
* * * LOW HITPOINT WARNING * * *
You hit the white imp.
The white imp is moderately wounded.
The white imp gestures at you. The puff of frost hits you!
* * * LOW HITPOINT WARNING * * *
You are too injured to fight recklessly!
It was a potion of resistance.
You feel protected. The white imp completely misses you.
You closely miss the white imp.
The white imp is moderately wounded.
The white imp hits you but does no damage.
You hit the white imp but do no damage.
The white imp is moderately wounded.
The white imp misses you.
You closely miss the white imp.
The white imp is moderately wounded.
You hit the white imp but do no damage.
The white imp is moderately wounded.
The white imp barely misses you. The white imp gestures at you.
The puff of frost misses you.
It was a potion of attraction.
You feel attractive to monsters. The white imp is pulled toward you!
You hit the white imp.
The white imp is moderately wounded.
The white imp gestures at you. The puff of frost hits you. You resist.
You die...

################
#......5@......#
###
#.############.#
#.. #†#
#######.#### #.#
#.#
...........#####.#
#(#
#######.......†..#
(.. ####.#####.#
(.# #.# #.# .(..
#.# #.. ...# #.#
###


You could see a white imp.

Vanquished Creatures
  A hound (D:2)
  2 gnolls (D:1)
  2 adders
  3 worms (D:2)
  2 dart slugs (D:2)
  4 endoplasms
  4 giant cockroaches
  8 goblins
  3 hobgoblins
  14 jackals
  4 kobolds
  3 quokkas
  9 ball pythons
  7 bats
  A frilled lizard (D:3)
  5 rats
72 creatures vanquished.

Notes
Turn   | Place    | Note
-------+----------+-------------------------------------------
     0 | D:1      | Destapler the Spriggan Brigand began the quest for the Orb.
     0 | D:1      | Reached XP level 1. HP: 10/10 MP: 2/2
   365 | D:1      | Reached XP level 2. HP: 14/14 MP: 3/3
   449 | D:1      | Reached skill level 6 in Stealth
   771 | D:1      | Reached skill level 1 in Evocations
   890 | D:1      | Reached XP level 3. HP: 10/18 MP: 4/4
  1585 | D:2      | Reached XP level 4. HP: 13/23 MP: 5/5
  1878 | D:2      | Reached skill level 1 in Invocations
  1993 | D:2      | Found a hide-covered altar of Uskayaw.
  2710 | D:3      | Reached XP level 5. HP: 26/26 MP: 6/6
  2808 | D:3      | Found a runed translucent door.
  2809 | D:3      | Noticed Tali's ghost (weakling DsBe)
  3020 | D:3      | HP: 1/26 [white imp/puff of frost (9)]
  3035 | D:3      | Killed from afar by a white imp

Illustrated notes

Levels and vault maps discovered:
D:1:      minmay_arrival_shoal_huts, layout_basic, hangedman_decor_points
D:2:      minmay_recursive_quarters, layout_basic, basic_altar
D:3:      layout_loops_ring, gammafunk_ghost_grave,
          shapermc_ecumenical_altar_mp_highgroup, minmay_rat_hole

Skill      XL: |  1  2  3  4 |
---------------+-------------+-----
Stealth        | 6 |  6.4
Dodging        | 2 |  2.6
Evocations     | 1 |  1.9
Invocations    | 1 |  1.2
Fighting       | 2 |  2.0
Short Blades   | |  2.7
Throwing       | |  2.6
Armour         | |  0.7
Shields        | |  0.9

Action                   |  1- 3 |  4- 6 || total
-------------------------+-------+-------++-------
Melee: Dagger            |    70 |    85 ||   155
Throw: Dart              |    44 |    31 ||    75
  Use: Potion            |       |     2 ||     2
 Stab: Sleeping          |     2 |     8 ||    10
Armor: Robe              |     6 |     5 ||    11
Dodge: Dodged            |    53 |    49 ||   102
